 Dungeon Crawl Stone Soup version 0.30-a0-1114-gd936c97349 (webtiles) character file.

Game seed: 12719182230943924140

104 OrthodoxDeviant the Trooper (level 4, -1/40 HPs)
             Began as a Ghoul Gladiator on Apr 20, 2023.
             Slain by Natasha (6 damage)
             ... on level 2 of the Dungeon.
             The game lasted 00:02:03 (1621 turns).

OrthodoxDeviant the Trooper (Ghoul Gladiator)       Turns: 1621, Time: 00:02:04

Health: -1/40      AC:  7    Str: 19    XL:     4   Next: 80%
Magic:  3/3        EV: 12    Int:  5    God:
Gold:   104        SH:  0    Dex: 15    Spells: 3/3 levels left

rFire   . . .      SeeInvis .    a - +0 war axe
rCold   + . .      Faith    .    (no shield)
rNeg    + + +      Spirit   .    l - +2 leather armour of the Turtledove {Int+2 Dex+5}
rPois   ∞          Reflect  .    c - +0 helmet
rElec   .          Rampage  .    (no cloak)
rCorr   .                        (no gloves)
Will    .....                    h - +0 pair of boots
Stlth   +                        (no amulet)
HPRegen 0.00/turn                (no ring)
MPRegen 0.08/turn                (no ring)

@: inhibited regen, slowed, very slow
A: claws 1, cold resistance 1, negative energy resistance 3, inhibited
regeneration, torment resistance 2, devour on kill
a: no special abilities


You were on level 2 of the Dungeon.
You visited 1 branch of the dungeon, and saw 2 of its levels.

You collected 104 gold pieces.

Inventory:

Hand Weapons
 a - a +0 war axe (weapon)
Missiles
 d - 3 throwing nets (quivered)
 e - a javelin
Armour
 b - a +0 leather armour
 c - a +0 helmet (worn)
 g - a +0 ring mail
 h - a +0 pair of boots (worn)
 l - the +2 leather armour of the Turtledove (worn) {Int+2 Dex+5}
   (You found it on level 2 of the Dungeon)

   Int:       It affects your intelligence (+2).
   Dex:       It affects your dexterity (+5).
Scrolls
 j - 4 scrolls of magic mapping {unknown}
 k - 3 scrolls of identify {unknown}
Potions
 f - a potion of brilliance {unknown}
 i - a potion of ambrosia {unknown}
 m - a potion of heal wounds {unknown}
 n - a potion of degeneration {unknown}


   Skills:
 + Level 4.0 Fighting
 + Level 3.9 Axes
 - Level 1.7 Throwing
 - Level 2.6 Dodging


You had 3 spell levels left.
You didn't know any spells.
Your spell library was empty.

Dungeon Overview and Level Annotations

Branches:
Dungeon (2/15)

Altars:

Annotations:
D:2 Natasha


Innate Abilities, Weirdness & Mutations

You are immune to poison.
You have sharp fingernails.
Your flesh is cold resistant. (rC+)
You are immune to negative energy. (rN+++)
You do not regenerate when monsters are visible.
You are immune to unholy pain and torment.
You thrive by killing the living.


Message History

Unknown command.
You barely miss Natasha. The cerulean imp closely misses you.
Natasha stares at you and mumbles some strange words.
The magic dart hits you but does no damage.
The cerulean imp hits you from afar with a +0 spear.
Unknown command.
You closely miss Natasha. Natasha barely misses you.
The cerulean imp hits you from afar with a +0 spear.
Natasha stares at you and mumbles some strange words.
You feel yourself slow down.
Unknown command.
You completely miss Natasha. The cerulean imp barely misses you.
Natasha misses you.
The cerulean imp hits you from afar with a +0 spear.
* * * LOW HITPOINT WARNING * * *
Natasha mumbles some strange words.
Unknown command.
Okay, then.
Okay, then.
You closely miss Natasha.
The cerulean imp disappears in a puff of smoke!
Natasha claws you.
* * * LOW HITPOINT WARNING * * *
The cerulean imp hits you but does no damage.
Natasha misses you.
Unknown command.
You hit Natasha.
Natasha is lightly wounded.
The cerulean imp closely misses you. Natasha claws you but does no damage.
The cerulean imp closely misses you.
Unknown command.
You hit Natasha.
Natasha is heavily wounded.
Natasha barely misses you.
The cerulean imp hits you from afar with a +0 spear.
* * * LOW HITPOINT WARNING * * *
Natasha mumbles some strange words.
Natasha's front paws start to glow.
Natasha claws you.
You die...

....#.# #.##.#.......####.###
....#.# #####.##.#.......#.......
....#.# #...#.##.#.......#+##.###
....#.# #...#.##+#...............
....#.###...#.................###
....#..#....'...).#..........####
....##......##....'..............
....###..#####...)###############
....###..#####..@................
............##.h...##############
###.........##...5.#....#........
####........##.....#.##.#.#######
........)....'..........#.# #.
'#########.###.....#.#..#.# #.
..# #........#.#.####.######. ..#
#####..####.##.#......#...)'.
..###...#..........########.####.


You could see Natasha and a cerulean imp (summoned).

Vanquished Creatures
  Jessica (D:2)
  Natasha (D:2)
  An adder (D:2)
  A worm (D:2)
  A dart slug (D:1)
  2 ball pythons
  4 bats
  3 endoplasms
  5 giant cockroaches
  6 goblins
  A hobgoblin (D:1)
  2 quokkas
  2 frilled lizards
  3 kobolds
  7 rats
40 creatures vanquished.

Notes
Turn   | Place    | Note
-------+----------+-------------------------------------------
     0 | D:1      | OrthodoxDeviant the Ghoul Gladiator began the quest for the
                  | Orb.
     0 | D:1      | Reached XP level 1. HP: 17/17 MP: 0/0
    73 | D:1      | Reached XP level 2. HP: 25/25 MP: 1/1
   541 | D:1      | Reached skill level 3 in Fighting
   830 | D:2      | Reached XP level 3. HP: 31/31 MP: 2/2
   950 | D:2      | Identified the +2 leather armour of the Turtledove {Int+2
                  | Dex+5}
  1067 | D:2      | Noticed Natasha
  1075 | D:2      | Killed Natasha
  1076 | D:2      | Reached XP level 4. HP: 37/40 MP: 3/3
  1194 | D:2      | Noticed Jessica
  1201 | D:2      | Killed Jessica
  1321 | D:2      | Reached skill level 4 in Fighting
  1608 | D:2      | Noticed Natasha
  1621 | D:2      | Slain by Natasha

Illustrated notes

Levels and vault maps discovered:
D:1:      dpeg_arrival_simpleton_a, layout_basic, st_stairs_13
D:2:      layout_basic, st_stairs_10, uniq_jessica, uniq_natasha

Skill      XL: |  1  2  3  4 |
---------------+-------------+-----
Axes           | 3 |  3.9
Fighting       | 3 4 |  4.0
Throwing       | |  1.7
Dodging        | |  2.6

Action                     |  1- 3 |  4- 6 || total
---------------------------+-------+-------++-------
  Melee: War axe           |    82 |    27 ||   109
         Punch             |     1 |       ||     1
 Armour: Leather armour    |    17 |    17 ||    34
         Ring mail         |    15 |       ||    15
  Dodge: Dodged            |    50 |    23 ||    73

Table legend: (Time is in decaauts)
 A = Elapsed time spent in this place.
 B = Non-inter-level travel time spent in this place.
 C = Inter-level travel time spent in this place.
 D = Time resting spent in this place.
 E = Time spent auto-exploring this place.
 F = Levels seen in this place.
 G = Mean time per level.
                   A        B        C        D        E       F      G
               +--------+--------+--------+--------+--------+-----+--------+
         Total |   1666 |   1544 |    122 |     35 |   1204 |   2 |  833.0 |
       Dungeon |   1666 |   1544 |    122 |     35 |   1204 |   2 |  833.0 |
               +--------+--------+--------+--------+--------+-----+--------+

Top non-repeatable levels by time:
     D:1: 836 daAuts
     D:2: 829 daAuts
